 Dungeon Crawl Stone Soup version 0.28.0 (webtiles) character file.

Game seed: 11850858207900847865

16 Findor the Cudgeller (level 2, -3/17 HPs)
             Began as a Gargoyle Gladiator on Feb 8, 2022.
             Frozen to death by an endoplasm (5 damage)
             ... on level 1 of the Dungeon.
             The game lasted 00:00:48 (286 turns).

Findor the Cudgeller (Gargoyle Gladiator)            Turns: 286, Time: 00:00:49

Health: -3/17      AC:  6    Str: 17    XL:     2   Next: 58%
Magic:  2/2        EV: 10    Int:  8    God:
Gold:   26         SH:  7    Dex: 11    Spells: 1/1 levels left

rFire   . . .      SeeInvis .   a - +0 flail
rCold   . . .      Faith    .   g - +0 kite shield
rNeg    + . .      Spirit   .   b - +0 leather armour
rPois   ∞          Reflect  .   c - +0 helmet
rElec   +          Harm     .   (no cloak)
rCorr   .          Rampage  .   (no gloves)
Will    .....                   (no boots)
Stlth   +.........              (no amulet)
HPRegen 0.05/turn               (no ring)
MPRegen 0.08/turn               (no ring)

@: no status effects
A: sickness immunity, AC +2, negative energy resistance 1, electricity
resistance, torment resistance 1, petrification resistance
a: no special abilities


You were on level 1 of the Dungeon.
You visited 1 branch of the dungeon, and saw 2 of its levels.

You collected 26 gold pieces.


Innate Abilities, Weirdness & Mutations

You are immune to sickness and miasma.
Your stone body is resilient. (AC +2)
You are immune to poison.
You resist negative energy. (rN+)
You are resistant to electric shocks. (rElec)
You are resistant to unholy torment.
You are immune to petrification.


   Skills:
 - Level 2.1 Fighting
 * Level 3.6 Maces & Flails
 - Level 1.7 Throwing
 - Level 2.4 Dodging
 + Level 0.9 Shields


You had one spell level left.
You didn't know any spells.
Your spell library was empty.

Inventory:

Hand Weapons
 a - a +0 flail (weapon)
Missiles
 d - 3 throwing nets (quivered) {!f}
Armour
 b - a +0 leather armour (worn)
 c - a +0 helmet (worn)
 g - a +0 kite shield (worn)
   (You found it on level 1 of the Dungeon)
Jewellery
 f - an amulet of reflection
   (You found it on level 1 of the Dungeon)
Scrolls
 i - a scroll of identify {unknown}
Potions
 e - a potion of berserk rage {unknown}
 h - a potion of cancellation {unknown}


Message History

You closely miss the rat. The rat bites you but does no damage.
You closely miss the rat. You block the rat's attack.
You sock the rat!
You kill the rat!
You start resting.
Things that are here:
a jackal corpse; a jackal corpse
h - a golden potion
Found a stone staircase leading down.
i - a scroll labelled GUFUST UREIFUB A dart slug comes into view.
A dart slug is nearby!
An endoplasm comes into view.
A kobold comes into view. It is wielding a +0 short sword.
The kobold shouts!
The endoplasm quivers.
You hear a shout!
A kobold comes into view. It is wielding a +0 dagger.
The kobold throws a stone.
You block the stone.
There is a stone staircase leading down here.
You hit the dart slug.
The kobold throws a stone.
The stone hits you.
An endoplasm comes into view.
The dart slug closely misses you.
The endoplasm quivers.
You hit the dart slug.
You kill the dart slug!
You closely miss the kobold. The kobold completely misses you.
The kobold hits you but does no damage. The kobold closely misses you. x2
You closely miss the kobold. The kobold completely misses you.
You block the kobold's attack.
You hit the endoplasm but do no damage. The endoplasm closely misses you.
The endoplasm freezes you.
You are frozen.
The kobold closely misses you. The kobold hits you but does no damage.
The endoplasm hits you but does no damage.
The kobold hits you with a +0 short sword.
You block the endoplasm's attack.
You hit the endoplasm. The kobold barely misses you.
You block the endoplasm's attack. The endoplasm freezes you.
You are frozen.
* * * LOW HITPOINT WARNING * * *
You block the kobold's attack. x2
You hit the endoplasm. The endoplasm freezes you.
You are frozen.
* * * LOW HITPOINT WARNING * * *
The endoplasm freezes you.
You are frozen.
You die...

.[.# #..........
. ..# #..........
#..####..........
#................
#................
#.............#..
#.........##### #
#.........#
######@######
##.#.#.#J#.....
.......KJ.......
.#.#.#.#.#......
............
#.#.#.#......
..............
#.# #.#.# .....
#.. ..... ....


You could see 2 endoplasms and a kobold.

Vanquished Creatures
  2 dart slugs (D:1)
  An endoplasm (D:2)
  5 jackals (D:1)
  A ball python (D:1)
  A frilled lizard (D:1)
  A kobold (D:1)
  A rat (D:1)
12 creatures vanquished.

Vanquished Creatures (others)
  A quokka (D:1)
1 creature vanquished.

Grand Total: 13 creatures vanquished

Notes
Turn   | Place    | Note
-------+----------+-------------------------------------------
     0 | D:1      | Findor the Gargoyle Gladiator began the quest for the Orb.
     0 | D:1      | Reached XP level 1. HP: 12/12 MP: 1/1
   100 | D:1      | Reached XP level 2. HP: 15/17 MP: 2/2
   286 | D:1      | HP: 2/17 [frozen (3)]
   286 | D:1      | Frozen to death by an endoplasm

Levels and vault maps discovered:
D:1:      minmay_arrival_stone_box, layout_rooms,
          hellmonk_ecumenical_altar_crossroads, st_stairs_9, minmay_tetromino_o4
D:2:      layout_rooms, basic_altar, item_on_display_a

Action                   || total
-------------------------++-------
Melee: Flail             ||    30
Armor: Leather armour    ||    20
Dodge: Dodged            ||    28
Block: Kite shield       ||    19
